 Dungeon Crawl Stone Soup version 0.25-a0-194-gece12570e2 (webtiles) character file.

Game seed: 12046099789299459719, levelgen mode: deterministic

25 Gumption the Magician (level 2, -1/21 HPs)
             Began as a Demonspawn Wizard on Dec 1, 2019.
             Slain by an adder (2 damage)
             ... on level 1 of the Dungeon.
             The game lasted 00:10:23 (1828 turns).

Gumption the Magician (Demonspawn Wizard)           Turns: 1828, Time: 00:10:23

Health: -1/21      AC:  2    Str:  7    XL:     2   Next: 86%
Magic:  0/6        EV: 12    Int: 19    God:
Gold:   86         SH:  0    Dex: 11    Spells: 0/7 levels left

rFire    . . .     SeeInvis .   a - +0 dagger
rCold    . . .     Gourm    .   (no shield)
rNeg     . . .     Faith    .   m - +0 robe
rPois    .         Spirit   .   b - +0 hat
rElec    .         Reflect  .   (no cloak)
rCorr    .         Harm     .   (no gloves)
MR       .....                  (no boots)
Stlth    ++........             (no amulet)
HPRegen  0.07/turn              (no ring)
MPRegen  0.10/turn              (no ring)

@: lethally poisoned (-1 -> -8), very slightly contaminated
A: spiny 1
a: no special abilities


You were on level 1 of the Dungeon.
You were not hungry.

You visited 1 branch of the dungeon, and saw 2 of its levels.

You collected 86 gold pieces.

Inventory:

Hand Weapons
 a - a +0 dagger (weapon)
 k - a +0 hunting sling
Missiles
 d - 4 curare-tipped darts (quivered)
 g - 94 stones
Armour
 b - a +0 hat (worn)
 m - a +0 robe (worn)
Scrolls
 c - 3 scrolls of identify {unknown}
 f - a scroll of fog {unknown}
 i - 2 scrolls of remove curse {unknown}
Potions
 h - a potion of ambrosia {unknown}
 j - a potion of curing {unknown}
 l - a potion of cancellation {unknown}
Comestibles
 e - 4 rations
 n - 2 chunks of flesh


   Skills:
 + Level 1.0 Fighting
 - Level 1.7 Dodging
 - Level 1.7 Stealth
 + Level 3.2 Spellcasting
 * Level 2.1 Conjurations
 + Level 1.0 Summonings
 - Level 0.8 Translocations


You couldn't memorise any spells.
You knew the following spells:

 Your Spells              Type           Power        Failure   Level  Hunger
a - Magic Dart            Conj           ##..         6%          1    None
b - Blink                 Tloc           N/A          16%         2    ##.....
c - Call Imp              Summ           #.......     14%         2    ##.....
d - Slow                  Hex            #.......     22%         2    ##.....

Your spell library contained the following spells:

 Spells                   Type           Power        Failure   Level  Hunger
 Conjure Flame            Conj/Fire      #.......     28%         3    ###....
 Mephitic Cloud           Conj/Pois/Air  #.......     32%         3    ###....


Dungeon Overview and Level Annotations

Branches:
Dungeon (2/15)

Altars:

Annotations:
D:2 Jessica


Innate Abilities, Weirdness & Mutations

You are partially covered in sharp spines.


Message History

* * * LOW HITPOINT WARNING * * *
You feel sick. The adder bites you.
* * * LOW HITPOINT WARNING * * *
Casting: Magic Dart (safe; 6% risk of failure)
Confirm with . or Enter, or press ? or * to list all spells.
Aiming: Magic Dart (safe; 6% risk of failure)
Press: ? - help, Shift-Dir - straight line, f/p - adder
Aim: an adder (almost dead)
You miscast Magic Dart.
You are very lightly contaminated with residual magic.
Nothing appears to happen.
The adder closely misses you. The adder is struck by your spines.
The adder bites you.
* * * LOW HITPOINT WARNING * * *
You are more poisoned.
The adder poisons you!
You closely miss the adder.
The adder is almost dead.
* * * LOW HITPOINT WARNING * * *
You feel sick. The adder is struck by your spines. The adder bites you.
You die...

######## #..รท...#
###.####.#
##@#.####.# #####
#.S....##.# #....
##)#.#.##.#####.###
###.#.#..........###
#..........########.
#.#.##.##### #.
#.#.##.# #. #.#.##.#
##. #)#.##^# #######
#.(


You could see an adder.

Vanquished Creatures
  A ball python (D:2)
  2 giant cockroaches (D:1)
  2 goblins (D:2)
  4 hobgoblins (D:1)
  4 bats (D:1)
  2 frilled lizards
  3 kobolds (D:1)
  8 rats
26 creatures vanquished.

Notes
Turn   | Place    | Note
-------+----------+-------------------------------------------
     0 | D:1      | Gumption the Demonspawn Wizard began the quest for the Orb.
     0 | D:1      | Reached XP level 1. HP: 13/13 MP: 4/4
   450 | D:1      | Gained mutation: You are partially covered in sharp spines.
                  | [demonic ancestry]
   450 | D:1      | Reached XP level 2. HP: 20/20 MP: 1/6
   656 | D:1      | Learned a level 2 spell: Blink
   661 | D:1      | Learned a level 2 spell: Slow
   688 | D:1      | Learned a level 2 spell: Call Imp
  1581 | D:2      | Reached skill level 1 in Fighting
  1805 | D:2      | Noticed Jessica
  1828 | D:1      | HP: 1/21 [poisoned by an adder]
  1828 | D:1      | Slain by an adder

Levels and vault maps discovered:
D:1:      kennysheep_arrival_seaside, layout_loops_cross, hangedman_decor_points
D:2:      layout_loops_corners, uniq_jessica, uniq_crazy_yiuf_cottage

Skill      XL: |  1  2 |
---------------+-------+-----
Conjurations   | 2 |  2.1
Fighting       | 1 |  1.0
Dodging        | |  1.7
Stealth        | |  1.7
Spellcasting   | |  3.2
Summonings     | |  1.0
Translocations | |  0.8

Action                   || total
-------------------------++-------
Melee: Unarmed           ||     2
       Dagger            ||     1
 Cast: Magic Dart        ||    68
  Eat: Chunk             ||     3
Armor: Robe              ||     4
Dodge: Dodged            ||    20

Table legend:
 A = Non-vault XP
 B = Vault XP
 C = Vault XP percentage of total XP
 D = Non-vault monster count
 E = Vault monster count
 F = Vault count percentage of total count
                 A         B        C        D         E       F
            +---------+---------+-------+---------+---------+-------
      Total |      37 |       0 |   0.0 |      26 |       0 |   0.0
            +---------+---------+-------+---------+---------+-------
        D:1 |      27 |       0 |   0.0 |      19 |       0 |   0.0
        D:2 |      10 |       0 |   0.0 |       7 |       0 |   0.0
            +---------+---------+-------+---------+---------+-------
